 Dungeon Crawl Stone Soup version 0.21.0-3-g78d12a8 (webtiles) character file.

260 Suckerboh the Sneak (level 5, -3/25 HPs)
             Began as a Spriggan Enchanter on Jan 9, 2018.
             Slain by an orc
             ... wielding a +0 flail
              (10 damage)
             ... on level 4 of the Dungeon.
             The game lasted 00:06:32 (3329 turns).

Suckerboh the Sneak (Spriggan Enchanter)            Turns: 3329, Time: 00:06:32

Health: -3/25      AC:  2    Str:  4    XL:     5   Next: 95%
Magic:  0/12       EV: 19    Int: 17    God:
Gold:   165        SH:  0    Dex: 17    Spells: 6/12 levels left

rFire    . . .     SeeInvis +   a - +1 dagger
rCold    . . .     Gourm    .   (shield restricted)
rNeg     . . .     Faith    .   b - +0 robe
rPois    .         Spirit   .   (helmet restricted)
rElec    .         Reflect  .   (no cloak)
rCorr    .         Harm     .   (gloves unavailable)
MR       .....                  (boots unavailable)
Stlth    +++.......             (no amulet)
HPRegen  0.08/turn              f - ring of wizardry
MPRegen  0.13/turn              m - ring of flight

@: very slightly contaminated, very quick
A: very small, unfitting armour, see invisible, herbivore, speed 3, slow
metabolism 2
a: Evoke Flight


You were on level 4 of the Dungeon.
You were not hungry.

You visited 1 branch of the dungeon, and saw 4 of its levels.

You collected 165 gold pieces.

Inventory:

Hand Weapons
 a - a +1 dagger (weapon)
Armour
 b - a +0 robe (worn)
Jewellery
 f - a ring of wizardry (left hand)
 m - a ring of flight (right hand)
 o - a cursed ring of positive energy {unknown}
 r - a cursed ring of loudness {unknown}
Scrolls
 e - 4 scrolls of identify {unknown}
 h - 2 scrolls of remove curse {unknown}
 j - a scroll of enchant armour {unknown}
 l - a scroll of teleportation {unknown}
 q - a scroll of fog {unknown}
 t - a scroll of random uselessness {unknown}
Potions
 g - 2 potions of mutation {unknown}
 i - a potion of brilliance {unknown}
 k - 2 potions of curing {unknown}
 n - a potion of degeneration {unknown}
 p - 2 potions of haste {unknown}
 s - 2 potions of might {unknown}
 u - a potion of agility {unknown}
 v - a potion of resistance {unknown}
Books
 c - a book of Maledictions

   Spells                             Type                      Level
   a - Corona                         Hexes                        1
   b - Ensorcelled Hibernation        Hexes/Ice                    2
   c - Confuse                        Hexes                        3
   d - Tukima's Dance                 Hexes                        3
   e - Dazzling Spray                 Conjuration/Hexes            3
Comestibles
 d - 7 rations


   Skills:
 + Level 0.3 Fighting
 + Level 2.3 Short Blades
 + Level 3.8 Dodging
 + Level 6.2 Stealth
 * Level 4.0 Spellcasting
 * Level 5.2 Hexes
 - Level 1.1 Ice Magic


You had 6 spell levels left.
You knew the following spells:

 Your Spells              Type           Power        Failure   Level  Hunger
a - Corona                Hex            ###....      1%          1    None
b - Ensorcelled Hibernat  Hex/Ice        ##....       2%          2    ##.....
c - Confuse               Hex            ###.....     2%          3    ###....


Dungeon Overview and Level Annotations

Branches:
Dungeon (4/15)
 Temple: D:4-7

Altars:
Nemelex Xobeh


Innate Abilities, Weirdness & Mutations

You are very small and have problems with some larger weapons.
You are too small for most types of armour.
You have supernaturally acute eyesight. (SInv)
You are a herbivore.
You cover ground extremely quickly.
You need consume almost no food.


Message History

Confirm with . or Enter, or press ? or * to list all spells.
You don't know that spell.
You barely miss the hound.
The hound is almost dead.
The hound closely misses you.
You closely miss the hound.
The hound is almost dead.
The hound closely misses you.
You hit the hound.
You kill the hound!
Casting: Ensorcelled Hibernation
Confirm with . or Enter, or press ? or * to list all spells.
Aiming: Ensorcelled Hibernation
Press: ? - help, Shift-Dir - straight line, f - orc
Aim: an orc, wielding a flail (chance to defeat MR: 62%)
You miscast Ensorcelled Hibernation.
You are very lightly contaminated with residual magic.
You hear an indistinct dissonance whispering inside your mind.
The orc hits you with a flail!
You die...

.......
..............
.............#
.............#
.............#####
.............#.o@#
.........).....###
..............##
.............##
.............#
≈............#
≈†...........#
≈≈≈≈.........#
≈≈≈≈≈........#


You could see an orc.

Vanquished Creatures
  The ghost of Ymberto the Skirmisher, an amateur HuFi (D:3)
  A hound (D:4)
  6 adders
  2 worms
  3 dart slugs
  4 giant cockroaches
  4 goblins
  5 hobgoblins
  5 jackals
  2 quokkas (D:2)
  2 ball pythons (D:2)
  7 bats
  4 kobolds
  7 rats
53 creatures vanquished.

Notes
Turn   | Place    | Note
-------+----------+-------------------------------------------
     0 | D:1      | Suckerboh the Spriggan Enchanter began the quest for the Orb.
     0 | D:1      | Reached XP level 1. HP: 9/9 MP: 5/5
   308 | D:1      | Reached XP level 2. HP: 7/13 MP: 6/6
   786 | D:2      | Learned a level 2 spell: Ensorcelled Hibernation
   813 | D:2      | Reached skill level 5 in Stealth
   813 | D:2      | Reached XP level 3. HP: 16/16 MP: 2/8
  1827 | D:2      | Reached XP level 4. HP: 19/21 MP: 3/9
  2013 | D:2      | Found a sparkling altar of Nemelex Xobeh.
  2346 | D:3      | Noticed Ymberto's ghost (amateur HuFi)
  2371 | D:3      | Learned a level 3 spell: Confuse
  2387 | D:3      | Killed Ymberto's ghost
  2387 | D:3      | Reached skill level 6 in Stealth
  2387 | D:3      | Reached skill level 5 in Hexes
  2387 | D:3      | Reached skill level 1 in Ice Magic
  2387 | D:3      | Reached XP level 5. HP: 13/25 MP: 7/11
  3286 | D:4      | Noticed a centaur
  3329 | D:4      | Slain by an orc

Skill      XL: |  1  2  3  4  5 |
---------------+----------------+-----
Hexes          | 4 5 |  5.2
Stealth        | 5 6 |  6.2
Spellcasting   | 3 4 |  4.0
Short Blades   | 2 |  2.3
Ice Magic      | 1 |  1.1
Fighting       | |  0.3
Dodging        | |  3.8

Action                   |  1- 3 |  4- 6 || total
-------------------------+-------+-------++-------
Melee: Dagger            |   176 |    62 ||   238
 Cast: Ensorcelled Hiber |    21 |    15 ||    36
       Confuse           |       |     1 ||     1
 Stab: Sleeping          |    14 |    11 ||    25
       Confused          |       |     3 ||     3
  Eat: Ration            |       |     1 ||     1
Armor: Robe              |    21 |     6 ||    27
Dodge: Dodged            |   202 |    61 ||   263
